 Dungeon Crawl Stone Soup version 0.24-a0-429-g4608c8fa30 (webtiles) character file.

Game seed: 11496512083211436989

1612 Ijustatesigmund the Fighter (level 8, -5/93 HPs)
             Began as an Ogre Fighter on June 13, 2019.
             Slain by an orc warrior
             ... wielding a +0 hand axe
              (7 damage)
             ... on level 8 of the Dungeon.
             The game lasted 00:11:12 (6604 turns).

Ijustatesigmund the Fighter (Ogre Fighter)          Turns: 6604, Time: 00:11:13

Health: -5/93      AC:  4    Str: 21    XL:     8   Next: 95%
Magic:  8/8        EV: 16    Int:  9    God:
Gold:   321        SH:  0    Dex: 15    Spells: 7/7 levels left

rFire    . . .     SeeInvis .   a - +1 giant spiked club
rCold    . . .     Gourm    .   (shield currently unavailable)
rNeg     . . .     Faith    .   b - +1 robe
rPois    .         Spirit   .   (helmet restricted)
rElec    .         Reflect  .   (no cloak)
rCorr    .         Harm     .   (gloves unavailable)
MR       .....                  (boots unavailable)
Stlth    +++.......             (no amulet)
HPRegen  0.25/turn              k - ring of stealth
MPRegen  0.11/turn              j - ring of wizardry

@: agile
A: large, unfitting armour, tough skin 1
a: no special abilities


You were on level 8 of the Dungeon.
You were not hungry.

You visited 1 branch of the dungeon, and saw 8 of its levels.

You collected 321 gold pieces.

Inventory:

Hand Weapons
 a - a +1 giant spiked club (weapon)
Missiles
 m - 5 silver javelins (quivered)
Armour
 b - a +1 robe (worn)
Jewellery
 j - a ring of wizardry (right hand)
 k - a ring of stealth (left hand)
 v - an uncursed ring of protection from magic {unknown}
Wands
 o - a wand of flame (25)
 w - a wand of paralysis (8)
 x - a wand of iceblast (6)
Scrolls
 h - a scroll of fog
 p - 2 scrolls of remove curse
 q - a scroll of immolation
 s - 3 scrolls of teleportation
 y - 2 scrolls of magic mapping
 C - 2 scrolls of identify
Potions
 g - 3 potions of lignification
 i - 3 potions of curing
 l - a potion of ambrosia
 r - 2 potions of degeneration {unknown}
 t - a potion of haste {unknown}
 z - a potion of cancellation {unknown}
Comestibles
 f - 8 rations


   Skills:
 + Level 9.7 Fighting
 * Level 8.1 Maces & Flails
 - Level 2.6 Dodging
   Level 2.6 Shields


You had 7 spell levels left.
You didn't know any spells.
Your spell library was empty.

Dungeon Overview and Level Annotations

Branches:
Dungeon (8/15)             Temple (0/1) D:4            Lair (0/6) D:8

Altars:
Ashenzari
Cheibriados
Elyvilon
Fedhas
Hepliaklqana
Okawaru
Qazlal
Ru
Trog
Uskayaw
Wu Jian
Yredelemnul

Shops:
D:4 %

Annotations:
D:8 Prince Ribbit


Innate Abilities, Weirdness & Mutations

You are too large for most types of armour.
You have tough skin. (AC +1)


Message History

All of the chunks of flesh in your inventory have rotted away.
You closely miss the orc priest. Prince Ribbit hits you!
The orc priest hits you with a cursed -3 mace.
* * * LOW HITPOINT WARNING * * *
The orc warrior hits you but does no damage.
Prince Ribbit blinks!
A leopard gecko skeleton comes into view.
You closely miss the orc priest.
The orc priest looks encouraged for a moment.
You closely miss the orc warrior. You barely miss the orc warrior.
The orc warrior hits you with a +0 hand axe!
* * * LOW HITPOINT WARNING * * *
Okay, then.
You feel agile all of a sudden. The leopard gecko skeleton misses you.
The orc warrior hits you with a +0 hand axe!
* * * LOW HITPOINT WARNING * * *
The orc warrior hits you with a +0 hand axe!
You die...

###.. #.#........# ##.#
##.#.###..### #.#
#....# ##.... #..
#..#.#######. #F.
#########.<.....###
............(..........
#.#######.#.......####
...###...#.......#
##.#Z@.###.......#
#>Foo### #########
#..### ##[# ... #####


You could see Prince Ribbit, an orc warrior, an orc priest and a leopard gecko
skeleton.

Vanquished Creatures
  A hippogriff (D:7)
  3 ice beasts
  3 sky beasts
  An ogre (D:7)
  A phantom (D:7)
  A centaur (D:5)
  A bullfrog (D:7)
  A scorpion (D:6)
  A bullfrog skeleton (D:4)
  A bullfrog zombie (D:8)
  2 orc priests (D:4)
  2 hounds
  An orc wizard (D:8)
  2 iguanas
  5 worker ants
  A hound skeleton (D:7)
  7 adders
  A shadow imp (D:4)
  3 worms
  A dart slug (D:3)
  9 orcs
  5 giant cockroaches
  6 goblins
  2 hobgoblins
  3 jackals (D:2)
  6 quokkas
  3 bats
  6 frilled lizards
  7 kobolds
  A rat (D:2)
87 creatures vanquished.

Notes
Turn   | Place    | Note
-------+----------+-------------------------------------------
     0 | D:1      | Ijustatesigmund the Ogre Fighter began the quest for the
                  | Orb.
     0 | D:1      | Reached XP level 1. HP: 24/24 MP: 1/1
   683 | D:2      | Reached XP level 2. HP: 25/33 MP: 2/2
   755 | D:2      | Found a white marble altar of Elyvilon.
   828 | D:2      | Reached XP level 3. HP: 29/41 MP: 3/3
  1210 | D:2      | Reached skill level 5 in Fighting
  1462 | D:2      | Reached XP level 4. HP: 45/50 MP: 4/4
  2076 | D:3      | Found a blossoming altar of Fedhas.
  2131 | D:3      | Found a sacrificial altar of Ru.
  2474 | D:3      | Found a bloodstained altar of Trog.
  2636 | D:4      | Reached skill level 6 in Fighting
  2636 | D:4      | Reached XP level 5. HP: 53/59 MP: 5/5
  2801 | D:4      | Found a staircase to the Ecumenical Temple.
  3006 | D:4      | Noticed a sky beast
  3016 | D:4      | Killed a sky beast
  3016 | D:4      | Reached XP level 6. HP: 33/68 MP: 6/6
  3227 | D:4      | Reached skill level 7 in Fighting
  3322 | D:4      | Found Opealy's Food Boutique.
  3449 | D:4      | Found a hide-covered altar of Uskayaw.
  3449 | D:4      | Found a shattered altar of Ashenzari.
  3676 | D:5      | Entered Level 5 of the Dungeon
  3724 | D:5      | Noticed an ice beast
  3737 | D:5      | Killed an ice beast
  3737 | D:5      | Reached skill level 5 in Maces & Flails
  3737 | D:5      | Reached XP level 7. HP: 19/78 MP: 7/7
  4198 | D:5      | Reached skill level 8 in Fighting
  4613 | D:5      | Found an ornate altar of the Wu Jian Council.
  4739 | D:6      | Found an iron altar of Okawaru.
  4741 | D:6      | Found a snail-covered altar of Cheibriados.
  4810 | D:6      | Reached XP level 8. HP: 84/89 MP: 8/8
  4829 | D:6      | Found a hazy altar of Hepliaklqana.
  5352 | D:7      | Got a crude shield
  5383 | D:7      | Identified the +1 shield of Viosup {rN+ SInv} (You found it
                  | on level 7 of the Dungeon)
  5557 | D:7      | Found a basalt altar of Yredelemnul.
  5567 | D:7      | Noticed a hippogriff
  5579 | D:7      | Killed a hippogriff
  5760 | D:7      | Reached skill level 9 in Fighting
  5910 | D:7      | Found a stormy altar of Qazlal.
  6582 | D:8      | Found a staircase to the Lair.
  6592 | D:8      | Noticed Prince Ribbit
  6603 | D:8      | HP: 1/93 [orc warrior/+0 hand axe (12)]
  6604 | D:8      | Slain by an orc warrior

Levels and vault maps discovered:
D:1:      saegor_arrival_simple_c, layout_loops_corners,
          roderic_serpentine_path, minivault_25, patterned_corridor
D:2:      layout_loops_corners, elyvilon_altar_4
D:3:      layout_loops_ring, fedhas_altar_1, marbit_many_paths,
          nicolae_ru_sacrificial_ziggurat, first_ration
D:4:      layout_loops_ring, gammafunk_temple_overflow_wave,
          minmay_temple_entry_butterflies, serial_shops,
          nicolae_shop_window_shopping
D:5:      layout_loops_cross, kennysheep_little_box
D:6:      layout_basic, lemuel_doored_altar,
          chequers_temple_overflow_statue_of_worship, lightli_corner_chamber
D:7:      layout_rooms, kennysheep_mini, overflow_temple_1_default
D:8:      layout_rooms, lair_entry_dummy, uniq_harold, uniq_prince_ribbit1

Skill      XL: |  1  2  3  4  5  6  7  8 |
---------------+-------------------------+-----
Maces & Flails | 2 3 4 5 6 8 |  8.1
Fighting       | 5 6 7 8 9 |  9.7
Dodging        | |  2.6
Shields        | |  2.6

Action                   |  1- 3 |  4- 6 |  7- 9 || total
-------------------------+-------+-------+-------++-------
Melee: Flail             |    92 |   125 |    69 ||   286
       Giant spiked club |       |       |    52 ||    52
Throw: Javelin           |       |       |    10 ||    10
  Use: Scroll            |     5 |     5 |     7 ||    17
       Potion            |       |     1 |     5 ||     6
 Stab: Sleeping          |     1 |     6 |     4 ||    11
  Eat: Chunk             |     1 |     8 |     3 ||    12
       Ration            |       |       |     2 ||     2
Armor: Robe              |    26 |    31 |    24 ||    81
Dodge: Dodged            |    27 |    46 |    53 ||   126
Block: Shield            |    50 |    43 |    28 ||   121

Table legend:
 A = Non-vault XP
 B = Vault XP
 C = Vault XP percentage of total XP
 D = Non-vault monster count
 E = Vault monster count
 F = Vault count percentage of total count
                 A         B        C        D         E       F
            +---------+---------+-------+---------+---------+-------
      Total |    2302 |       1 |   0.0 |      86 |       1 |   1.1
            +---------+---------+-------+---------+---------+-------
        D:1 |       8 |       0 |   0.0 |       5 |       0 |   0.0
        D:2 |      80 |       0 |   0.0 |      22 |       0 |   0.0
        D:3 |      24 |       1 |   4.0 |      10 |       1 |   9.1
        D:4 |     435 |       0 |   0.0 |      17 |       0 |   0.0
        D:5 |     571 |       0 |   0.0 |       7 |       0 |   0.0
        D:6 |     118 |       0 |   0.0 |       3 |       0 |   0.0
        D:7 |     694 |       0 |   0.0 |      11 |       0 |   0.0
        D:8 |     372 |       0 |   0.0 |      11 |       0 |   0.0
            +---------+---------+-------+---------+---------+-------
